 Dungeon Crawl Stone Soup version 0.26-a0-612-gd4d190f45e (webtiles) character file.

Game seed: 17993426262198410743

53 DogServant the Gusty (level 3, -5/20 HPs)
             Began as a Tengu Air Elementalist on Sept 10, 2020.
             Slain by Crazy Yiuf
             ... wielding a +3 quarterstaff of chaos
              (14 damage)
             ... on level 2 of the Dungeon.
             The game lasted 00:04:09 (1833 turns).

DogServant the Gusty (Tengu Air Elementalist)       Turns: 1833, Time: 00:04:10

Health: -5/20      AC:  2    Str:  8    XL:     3   Next: 87%
Magic:  1/7        EV: 12    Int: 16    God:
Gold:   82         SH:  0    Dex: 14    Spells: 3/6 levels left

rFire    . . .     SeeInvis .   (no weapon)
rCold    . . .     Faith    .   (no shield)
rNeg     . . .     Spirit   .   a - +0 robe
rPois    .         Reflect  .   (helmet restricted)
rElec    .         Harm     .   (no cloak)
rCorr    .                      (no gloves)
MR       .....                  (boots unavailable)
Stlth    ++........             (no amulet)
HPRegen  0.06/turn              (no ring)
MPRegen  0.10/turn              (no ring)

@: sluggish, about to teleport, lightly drained, very slow
A: beak, talons 3
a: no special abilities


You were on level 2 of the Dungeon.
You visited 1 branch of the dungeon, and saw 2 of its levels.

You collected 82 gold pieces.

Inventory:

Missiles
 e - 8 silver boomerangs (quivered)
 j - 6 curare-tipped darts
Armour
 a - a +0 robe (worn)
 b - a cursed -2 helmet
Scrolls
 d - 2 scrolls of identify {unknown}
 f - a scroll of noise {unknown}
 h - a scroll of amnesia {unknown}
 k - a scroll of remove curse {unknown}
Potions
 g - 2 potions of flight {unknown}
 i - a potion of heal wounds {unknown}


   Skills:
 + Level 1.1(0.8) Fighting
 - Level 2.3(2.0) Dodging
 - Level 2.0(1.7) Stealth
 + Level 2.4(2.2) Spellcasting
 + Level 2.4(2.1) Conjurations
 + Level 4.9(4.6) Air Magic


You had 3 spell levels left.
You knew the following spells:

 Your Spells              Type           Power        Failure   Level
a - Shock                 Conj/Air       ##..         4%          1
b - Swiftness             Air            ###.....     4%          2

Your spell library contained the following spells:

 Spells                   Type           Power        Failure   Level
 Static Discharge         Conj/Air       ##......     16%         3
 Airstrike                Air            ###.......   30%         4
 Lightning Bolt           Conj/Air       ##........   80%         5


Dungeon Overview and Level Annotations

Branches:
Dungeon (2/15)

Altars:

Annotations:
D:2 Crazy Yiuf


Innate Abilities, Weirdness & Mutations

You have a beak for a mouth.
You have claws for feet.


Message History

Crazy Yiuf is moderately wounded.
Casting: Shock (safe; 4% risk of failure)
Confirm with . or Enter, or press ? or * to list all spells.
Aiming: Shock (safe; 4% risk of failure)
Press: ? - help, Shift-Dir - straight line, f/p - Crazy Yiuf
Aim: Crazy Yiuf, wielding a +3 quarterstaff of chaos and wearing a +0 cloak (moderately wounded)
The zap misses Crazy Yiuf.
Casting: Shock (safe; 4% risk of failure)
Confirm with . or Enter, or press ? or * to list all spells.
You don't have enough magic to cast that spell.
You feel sluggish.
Crazy Yiuf says, "Candle sing-song high!"
Crazy Yiuf says, "Powder!
You sing Hive."
Crazy Yiuf hits you with a +3 quarterstaff of chaos.
You feel drained.
As you read the scroll labeled CYSSIDGHERU, it crumbles to dust.
You feel strangely unstable.
It was a scroll of teleportation.
Crazy Yiuf hits you with a +3 quarterstaff of chaos!
Ouch! That really hurt!
You die...

#..)# #.#
#..#.##.#
#...# #.#
#..#†##.#
... ##.#
#..#.....
#'# #..#
....... ♣♣.♣
##.## #.†...
♣g♣♣ #...#
.... ♣♣.♣
##..# .....
♣.♣♣
#..#####.(#
♣♣.♣♣
##.g@.......
♣...♣♣
#..######..#
♣....♣ #.##
#....# #.#
#....# #.#
##...# #.#
##.#####.#
#.......#
#######.#


You could see Crazy Yiuf.

Vanquished Creatures
  A gnoll (D:1)
  2 adders (D:2)
  A dart slug (D:1)
  A leopard gecko (D:1)
  2 bats
  4 giant cockroaches
  6 goblins
  A kobold (D:1)
  A ball python (D:1)
  4 rats
23 creatures vanquished.

Notes
Turn   | Place    | Note
-------+----------+-------------------------------------------
     0 | D:1      | DogServant the Tengu Air Elementalist began the quest for
                  | the Orb.
     0 | D:1      | Reached XP level 1. HP: 10/10 MP: 4/4
   203 | D:1      | Reached XP level 2. HP: 15/15 MP: 4/6
   747 | D:1      | Reached XP level 3. HP: 20/20 MP: 4/7
   842 | D:1      | Learned a level 2 spell: Swiftness
  1473 | D:2      | Reached skill level 1 in Fighting
  1799 | D:2      | Found a runed translucent door.
  1800 | D:2      | Noticed Crazy Yiuf
  1833 | D:2      | Slain by Crazy Yiuf

Illustrated notes

Levels and vault maps discovered:
D:1:      dpeg_arrival_long_road, layout_loops_corners, minivault_23
D:2:      layout_loops_ring, uniq_crazy_yiuf_cottage, uniq_natasha, uniq_robin

Skill      XL: |  1  2  3 |
---------------+----------+-----
Conjurations   | 2 |  2.4
Fighting       | 1 |  1.1
Dodging        | |  2.3
Stealth        | |  2.0
Spellcasting   | |  2.4
Air Magic      | |  4.9

Action                   || total
-------------------------++-------
Melee: Unarmed           ||    12
       Kick              ||     2
       Peck              ||     1
 Cast: Shock             ||    49
       Swiftness         ||     2
  Use: Scroll            ||     1
Armor: Robe              ||     1
Dodge: Dodged            ||    16

Table legend: (Time is in decaauts)
 A = Elapsed time spent in this place.
 B = Non-inter-level travel time spent in this place.
 C = Inter-level travel time spent in this place.
 D = Time resting spent in this place.
 E = Time spent auto-exploring this place.
 F = Levels seen in this place.
 G = Mean time per level.
                   A        B        C        D        E       F      G
               +--------+--------+--------+--------+--------+-----+--------+
         Total |   1828 |   1804 |     24 |    495 |   1126 |   2 |  914.0 |
       Dungeon |   1828 |   1804 |     24 |    495 |   1126 |   2 |  914.0 |
               +--------+--------+--------+--------+--------+-----+--------+

Top non-repeatable levels by time:
     D:1: 1316 daAuts
     D:2: 512 daAuts
